 Dungeon Crawl Stone Soup version 0.31-a0-620-gd1cbd99268 (webtiles) character file.

Game seed: 5149198565756495327

557 kae the Changeling (level 7, -8/52 HPs)
             Began as a Green Draconian Shapeshifter on Aug 23, 2023.
             Killed from afar by Dowan (12 damage)
             ... with an iceblast
             ... on level 4 of the Dungeon.
             The game lasted 00:03:07 (3401 turns).

kae the Changeling (Green Draconian Shapeshifter)   Turns: 3401, Time: 00:03:07

Health: -8/52      AC:  6    Str: 17    XL:     7   Next: 9%
Magic:  7/7        EV: 12    Int:  9    God:
Gold:   249        SH:  0    Dex: 13    Spells: 6/6 levels left

rFire   + +          .
                       - Unarmed
rCold   + . .        (no shield)
rNeg    . . .        (body armour unavailable)
rPois   +            (helmet currently unavailable)
rElec   +            (cloak currently unavailable)
rCorr   +            (gloves currently unavailable)
SInv    .            (boots currently unavailable)
Will    .....        (no amulet)
Stlth   +            F - ring of protection from fire
HPRegen 0.28/turn    (no ring)
MPRegen 0.10/turn

%: no passive effects
@: beast-form, resistant
A: beast (slay +3), breathe noxious fumes, AC +6, unfitting armour, poison
resistance, cold-blooded
a: Breathe Noxious Fumes, Begin Untransformation


You were on level 4 of the Dungeon.
You were a hulking beast.
You visited 1 branch of the dungeon, and saw 5 of its levels.

You collected 249 gold pieces.


Innate Abilities, Weirdness & Mutations

You are a hulking beast.
Your limbs bulge with bestial killing power. (Slay +3)
You can breathe blasts of noxious fumes.
Your lurid green scales are hard. (AC +6)
You cannot fit into any form of body armour.
Your system is resistant to poisons. (rPois)
You are cold-blooded and may be slowed by cold attacks.


   Skills:
 - Level 1.1 Fighting
 - Level 1.7 Dodging
 + Level 5.2 Unarmed Combat
 * Level 6.4 Shapeshifting


You had 6 spell levels left.
You didn't know any spells.
Your spell library contained the following spells:

 Spells                   Type           Power      Damage    Failure   Level
 Apportation              Tloc           0%         N/A       38%         1
 Necrotise                Necr           0%         1d4       38%         1
 Summon Small Mammal      Summ           0%         N/A       38%         1
 Portal Projectile        Hex/Tloc       0%         N/A       77%         3
 Dispel Undead            Necr           0%         3d6       99%         4
 Disjunction              Tloc           0%         N/A       100%        8

Inventory:

Hand Weapons
 e - a +2 mace of protection
   (You found it on level 1 of the Dungeon)
Missiles
 g - 24 stones
 h - 3 boomerangs
Magical Staves
 k - a staff of cold {!a}
   (You found it on level 2 of the Dungeon)
Jewellery
 F - a ring of protection from fire (left hand)
   (You found it on level 2 of the Dungeon)
Talismans
 b - a beast talisman (active)
 c - a flux talisman
Scrolls
 a - a scroll of noise {unknown}
 d - 2 scrolls of blinking {!r}
 i - a scroll of fog
 l - a scroll of amnesia
 m - 2 scrolls of identify {@r1}
 o - 2 scrolls of fear
Potions
 f - 3 potions of brilliance
 j - 2 potions of mutation {!q}
 q - a potion of resistance
 u - a potion of attraction {!q}

Dungeon Overview and Level Annotations

Branches:
Dungeon (5/15) Zot: 26538
 Temple: D:4-7

Altars:

Annotations:
D:4 Dowan

,*,*,*,,,,,*#...............#
,*,*,*,,,,**#...........#####
,**,*******#####.#.#.#.##
***** ###.# #.#.#.#.#
##########.#.###.#.#.#.#
.#..#.##...............#
.#.......###e###e###.###
.##.#.#### #.# #)# #.#
....#.######.###h###.#
..........##>..ยง.....#
.####.###.######.##### .# #.#
#.######.# .# #.# #........#
.####.# ########## ......#
.###### ##


You could see Dowan (fast).


Message History

The centaur shoots an arrow.
The arrow hits you. ๐Ÿ˜• HP[-3]
You take 3 damage, and now have 37/47 hp.
The centaur shoots an arrow.
The arrow hits you! ๐Ÿ˜ฎ HP[-7]
You take 7 damage, and now have 30/47 hp.
The centaur shoots an arrow.
The arrow hits you. ๐Ÿ˜ฎ HP[-6]
You take 6 damage, and now have 24/47 hp.
The centaur shoots an arrow.
The arrow barely misses you.
The centaur shoots an arrow.
The arrow barely misses you. ๐Ÿ˜ฎ HP[+1] ๐Ÿ˜ฎ HP[+1] ๐Ÿ˜ฎ HP[+1] ๐Ÿ˜ฎ HP[+1]
There is a stone staircase leading up here.
You start resting.
A gnoll is nearby!
Okay, then.
You climb upwards.
Level annotation: Dowan, Duvessa
There is a stone staircase leading down here. ๐Ÿ˜ฎ HP[+1]
You start resting. ๐Ÿ˜• HP[+10]
You regained 10 hp, and now have 39/47 hp.
Dowan shouts!
You hear a shout! ๐Ÿ˜• HP[+1] ๐Ÿ˜• HP[+1]
A kobold comes into view.
It is wielding a +1 short sword of protection.
The kobold shouts!
Duvessa shouts!
You hear a shout!
You hit Duvessa. You punch Duvessa. Duvessa closely misses you.
You hit Duvessa. Duvessa closely misses you.
You closely miss Duvessa.
Dowan zaps a wand.
The mass of ice explodes!
The iceblast engulfs you!
The iceblast engulfs Duvessa!
Duvessa closely misses you.
You hear a shout!
You closely miss Duvessa. You tail-slap Duvessa.
You kill Duvessa!
Dowan screams, "No!
No!"
Dowan seems to find hidden reserves of power!
Dowan closely misses you.
Dowan hits you from afar with a +0 spear.
You have reached level 7!
Your scales start taking on a lurid green colour.
You learn Poison Magic much quicker.
You can breathe blasts of noxious fumes.
You feel resistant to poisons. ๐Ÿ˜ฎ HP[-6] MP[+1]
You now have 52 max hp (+5).
You take 6 damage, and now have 35/52 hp.
Your mp is fully restored (7).
The kobold hits you but does no damage.
Things that are here:
a +0 short sword; a +0 leather armour; the elf corpse of Duvessa ๐Ÿ˜ฎ HP[+1]
You barely miss the kobold.
Dowan hits you from afar with a +0 spear.
The kobold hits you with a +1 short sword of protection.
Dowan hits you from afar with a +0 spear. ๐Ÿ˜ฎ HP[-4]
You take 4 damage, and now have 32/52 hp.
Unknown command.
You hit the kobold.
You kill the kobold!
Dowan zaps a wand.
The mass of ice explodes!
The iceblast engulfs you!
* * * LOW HITPOINT WARNING * * *
You hear a shout! x4 ๐Ÿ˜จ HP[-8]
You take 8 damage, and now have 24/52 hp.
Dowan closely misses you. Dowan barely misses you.
You closely miss Dowan. You tail-slap Dowan, but do no damage.
Dowan hits you with a +0 spear.
* * * LOW HITPOINT WARNING * * *
๐Ÿ˜จ HP[-4]
You take 4 damage, and now have 20/52 hp.
Unknown command.
You punch Dowan!
Your tail-slap misses Dowan.
Dowan hits you but does no damage.
You barely miss Dowan. Dowan hits you with a +0 spear.
* * * LOW HITPOINT WARNING * * *
Dowan points at you and mumbles some strange words.
The shard of ice hits you!
* * * LOW HITPOINT WARNING * * *
๐Ÿ˜ฑ HP[-17]
You take 17 damage, and now have 3/52 hp.
MASSIVE DAMAGE!! (PAUSE)
You hit Dowan but do no damage.
Dowan hits you but does no damage. ๐Ÿ˜ฑ HP[+1] Unknown command.
Okay, then.
You hit Dowan.
Your tail-slap misses Dowan.
Dowan casts a spell.
Dowan blinks!
Dowan barely misses you.
You feel protected.
Dowan zaps a wand.
The mass of ice explodes!
The iceblast engulfs you! You partially resist.
You die...

Skill      XL: |  1  2  3  4  5  6 |
---------------+-------------------+-----
Shapeshifting  | 4 5 6 |  6.4
Unarmed Combat | 4 5 |  5.2
Fighting       | |  1.1
Dodging        | |  1.7

Action                     |  1- 3 |  4- 6 |  7- 9 || total
---------------------------+-------+-------+-------++-------
  Melee: Mace              |    55 |    94 |       ||   149
         Unarmed           |     6 |    15 |     7 ||    28
         Tailslap          |     8 |    20 |     1 ||    29
         Punch             |     1 |     3 |       ||     4
    Use: Scroll            |       |    14 |       ||    14
         Potion            |       |     2 |     1 ||     3
   Stab: Sleeping          |     4 |     1 |       ||     5
 Armour: Skin              |    19 |    40 |     3 ||    62
  Dodge: Dodged            |    41 |    93 |     3 ||   137

Levels and vault maps discovered:
D:1:      eino_arrival_cavern_b, layout_basic
D:2:      kb_forest_paths, layout_basic, dk_noncrumbling_4, st_stairs_9
D:3:      layout_loops_ring, wad_floor_pattern_untrapped,
          dreamdust_mushroom_princess
D:4:      cheibrodos_fertilizer, layout_loops_ring, general_overflow_altar,
          uniq_duvessa
D:5:      layout_basic, chequers_mini_garden

Notes
Turn   | Place    | Note
-------+----------+-------------------------------------------
     0 | D:1      | kae the Draconian Shapeshifter began the quest for the Orb.
     0 | D:1      | Reached XP level 1. HP: 16/16 MP: 1/1
     0 | D:1      | magus.rc [v1.11.3]
   222 | D:1      | Reached XP level 2. HP: 23/23 MP: 2/2
   496 | D:1      | You add the spells Portal Projectile, Dispel Undead and
                  | Disjunction to your library.
   496 | D:1      | Got the Guide on the Topological Mortuary
   804 | D:2      | Reached XP level 3. HP: 19/28 MP: 3/3
   810 | D:2      | Reached skill level 4 in Shapeshifting
  1249 | D:2      | You pick up a book of Cantrips and begin reading...
  1249 | D:2      | You add the spells Necrotise, Summon Small Mammal and
                  | Apportation to your library.
  1268 | D:2      | Reached XP level 4. HP: 33/35 MP: 4/4
  1831 | D:3      | Reached skill level 4 in Unarmed Combat
  2294 | D:3      | Reached XP level 5. HP: 29/40 MP: 5/5
  2561 | D:4      | Noticed a phantom
  2639 | D:4      | Killed a phantom
  2640 | D:4      | Reached skill level 5 in Shapeshifting
  2917 | D:4      | Noticed an ogre
  2917 | D:4      | Noticed Dowan
  2918 | D:4      | Noticed Duvessa
  3078 | D:4      | Noticed a black bear
  3089 | D:4      | HP: 7/40 [black bear (4)]
  3090 | D:4      | Killed a black bear
  3091 | D:4      | Reached XP level 6. HP: 9/47 MP: 6/6
  3108 | D:4      | Reached skill level 5 in Unarmed Combat
  3108 | D:4      | Reached skill level 6 in Shapeshifting
  3282 | D:5      | Entered Level 5 of the Dungeon
  3391 | D:4      | Killed Duvessa
  3392 | D:4      | Your scales start taking on a lurid green colour.
  3392 | D:4      | Reached XP level 7. HP: 35/52 MP: 7/7
  3392 | D:4      | Gained mutation: Your system is resistant to poisons.
                  | (rPois) [Green Draconian growth]
  3398 | D:4      | HP: 3/52 [Dowan/shard of ice (11)]
  3401 | D:4      | Killed from afar by Dowan

Vanquished Creatures
  Duvessa (D:4)
  A black bear (D:4)
  An ogre (D:4)
  2 phantoms
  A hound (D:4)
  A jelly (D:2)
  3 gnolls (D:2)
  2 adders
  2 worms
  A dart slug (D:2)
  9 orcs
  6 bats
  6 endoplasms
  5 giant cockroaches
  6 goblins
  8 hobgoblins
  A ball python (D:2)
  5 frilled lizards
  4 kobolds
  6 rats
71 creatures vanquished.

Table legend:
 A = Non-vault XP
 B = Vault XP
 C = Vault XP percentage of total XP
 D = Non-vault monster count
 E = Vault monster count
 F = Vault count percentage of total count
                 A         B        C        D         E       F
            +---------+---------+-------+---------+---------+-------
      Total |     668 |     128 |  16.1 |      60 |      11 |  15.5
            +---------+---------+-------+---------+---------+-------
        D:1 |      21 |       0 |   0.0 |      14 |       0 |   0.0
        D:2 |      84 |      56 |  40.0 |      20 |       9 |  31.0
        D:3 |      39 |       0 |   0.0 |      12 |       0 |   0.0
        D:4 |     419 |      72 |  14.7 |      13 |       2 |  13.3
        D:5 |     105 |       0 |   0.0 |       1 |       0 |   0.0
            +---------+---------+-------+---------+---------+-------

Skill      XL: |  1  2  3  4  5  6 |
---------------+-------------------+-----
Shapeshifting  | 4 5 6 |  6.4
Unarmed Combat | 4 5 |  5.2
Fighting       | |  1.1
Dodging        | |  1.7

Action                     |  1- 3 |  4- 6 |  7- 9 || total
---------------------------+-------+-------+-------++-------
  Melee: Mace              |    55 |    94 |       ||   149
         Unarmed           |     6 |    15 |     7 ||    28
         Tailslap          |     8 |    20 |     1 ||    29
         Punch             |     1 |     3 |       ||     4
    Use: Scroll            |       |    14 |       ||    14
         Potion            |       |     2 |     1 ||     3
   Stab: Sleeping          |     4 |     1 |       ||     5
 Armour: Skin              |    19 |    40 |     3 ||    62
  Dodge: Dodged            |    41 |    93 |     3 ||   137

Illustrated notes

Table legend:
 A = Kills in this place as a percentage of kills in the entire game.
 B = Kills by you in this place as a percentage of kills by you in the entire game.
 C = Kills by friends in this place as a percentage of kills by friends in the entire game.
 D = Other kills in this place as a percentage of other kills in the entire game.
 E = Experience gained in this place as a percentage of experience gained in the entire game.
 F = Experience gained in this place divided by the number of levels of this place that you have seen.
                   A       B       C       D       E      F
               +-------+-------+-------+-------+-------+----------------------
         Total | 100.0 | 100.0 |   N/A |   N/A | 100.0 | 159.2
       Dungeon | 100.0 | 100.0 |   N/A |   N/A | 100.0 | 159.2
               +-------+-------+-------+-------+-------+----------------------

Table legend: (Time is in decaauts)
 A = Elapsed time spent in this place.
 B = Non-inter-level travel time spent in this place.
 C = Inter-level travel time spent in this place.
 D = Time resting spent in this place.
 E = Time spent auto-exploring this place.
 F = Levels seen in this place.
 G = Mean time per level.
                   A        B        C        D        E       F      G
               +--------+--------+--------+--------+--------+-----+--------+
         Total |   3460 |   3264 |    196 |    199 |   2484 |   5 |  692.0 |
       Dungeon |   3460 |   3264 |    196 |    199 |   2484 |   5 |  692.0 |
               +--------+--------+--------+--------+--------+-----+--------+

Top non-repeatable levels by time:
     D:2: 1061 daAuts
     D:3: 859 daAuts
     D:1: 782 daAuts
     D:4: 696 daAuts
     D:5: 60 daAuts
